[Event "Titled Tuesday Blitz November 01 Early 2022"]
[White "Jean Louis, Marckens"]
[Black "Matinian, Nikita"]
[WhiteFideId "11900270"]
[BlackFideId "24129100"]
[WhiteElo "2030"]
[BlackElo "2422"]
[Result "0-1"]
[Round "01"]
[TimeControl "180+1"]
[Date "2022.11.02"]
[WhiteClock "0:00:08"]
[BlackClock "0:00:15"]

1. d4 Nf6 2. Nf3 g6 3. g3 Bg7 4. Bg2 d6 5. O-O O-O 6. b3 a5 7. a4 Nc6 8. Bb2 Bf5 9. Re1 Qc8 10. Nbd2 Bh3 11. Bh1 e5 12. dxe5 Ng4 13. Ng5 Ngxe5 14. Nxh3 Qxh3 15. Bg2 Qh5 16. Rb1 f5 17. e3 Qxd1 18. Rexd1 Nb4 19. Rdc1 c6 20. Bxe5 dxe5 21. Nc4 e4 22. Nb6 Rad8 23. Nc4 Na2 24. Rd1 Nc3 25. Rxd8 Rxd8 26. Re1 Nd1 27. f3 Bc3 28. Re2 b5 29. axb5 cxb5 30. Na3 Nxe3 31. Nxb5 Bb4 32. fxe4 Bc5 33. exf5 Rd1+ 34. Kf2 gxf5 35. Kf3 Ng4 36. Bh3 Nf6 37. Re5 Bg1 38. Rxf5 Kg7 39. Nc3 Rd2 40. Rxf6 Rf2+ 41. Kg4 Rxf6 42. Ne4 Rc6 43. c4 Rb6 44. Nd2 Be3 45. Ne4 Rxb3 46. Nd6 a4 47. Kf3 Bc5+ 0-1


[Site "https://www.chess.com"]

[Event "Titled Tuesday Blitz November 01 Early 2022"]
[White "Jia, Haoxiang"]
[Black "Jiganchine, Roman"]
[WhiteFideId "8602999"]
[BlackFideId "2603667"]
[WhiteElo "2628"]
[BlackElo "2316"]
[Result "1-0"]
[Round "01"]
[TimeControl "180+1"]
[Date "2022.11.02"]
[WhiteClock "0:00:33"]
[BlackClock "0:00:07"]

1. d4 d5 2. c4 e6 3. Nf3 Nf6 4. g3 c6 5. Bg2 Be7 6. O-O O-O 7. Qc2 Nbd7 8. Nbd2 b6 9. e4 Bb7 10. e5 Ne8 11. cxd5 cxd5 12. Re1 Rc8 13. Qd1 g6 14. Bf1 Ng7 15. Bd3 Nb8 16. Nf1 Nc6 17. a3 Na5 18. Bh6 Nc4 19. Rb1 Rc7 20. h4 Qd7 21. N1h2 Rfc8 22. Ng4 Qd8 23. Kg2 b5 24. Rh1 Nh5 25. Bg5 a5 26. Nf6+ Nxf6 27. exf6 Bxf6 28. Bf4 e5 29. dxe5 Bg7 30. h5 d4 31. hxg6 hxg6 32. Qe2 Qd5 33. e6 fxe6 34. Bxc7 Rxc7 35. Rbe1 Rf7 36. Be4 Ne3+ 37. Qxe3 dxe3 38. Bxd5 Bxd5 39. Rxe3 Bd4 40. Rd3 Bc5 41. Rc1 Bb6 42. Rxd5 exd5 43. Rc6 Bc7 44. Rxg6+ Kh7 45. Rc6 b4 46. Ng5+ Kg7 47. Nxf7 Kxf7 48. Rxc7+ Ke6 49. axb4 1-0


[Site "https://www.chess.com"]

[Event "Titled Tuesday Blitz November 01 Early 2022"]
[White "Jobava, Baadur"]
[Black "Lopez, Henry"]
[WhiteFideId "13601520"]
[BlackFideId "5203830"]
[WhiteElo "2582"]
[BlackElo "2177"]
[Result "1-0"]
[Round "01"]
[TimeControl "180+1"]
[Date "2022.11.01"]
[WhiteClock "0:00:54"]
[BlackClock "0:00:18"]

1. b3 e5 2. Bb2 Nc6 3. Nf3 Bd6 4. e3 Nf6 5. Be2 a6 6. d3 O-O 7. Nbd2 b5 8. O-O Bb7 9. Re1 Re8 10. Bf1 Bf8 11. c4 b4 12. Qc2 h6 13. Rad1 d6 14. g3 Nb8 15. Bg2 Qc8 16. c5 a5 17. Rc1 dxc5 18. Nxe5 Bxg2 19. Kxg2 Qb7+ 20. e4 Nbd7 21. Nef3 a4 22. Nc4 axb3 23. axb3 Ra2 24. Qb1 Raa8 25. Qc2 Ra2 26. Ra1 Rea8 27. Rxa2 Rxa2 28. Ra1 Rxa1 29. Bxa1 Qc6 30. Bb2 Qe6 31. Nfd2 g6 32. h3 Bg7 33. f4 Nb6 34. Ne3 Nfd7 35. Bxg7 Kxg7 36. Qb2+ Kh7 37. Nf3 Qd6 38. Qc2 Qe6 39. f5 Qd6 40. h4 Ne5 41. Nxe5 Qxe5 42. Ng4 Qc3 43. Qxc3 bxc3 44. Ne3 Kg7 45. Kf3 Kf6 46. Ng4+ Kg7 47. f6+ Kh7 48. Ke2 Nd7 49. Kd1 h5 50. Ne3 Nxf6 51. Kc2 Ng4 52. Nd1 f6 53. Kxc3 g5 54. Kc4 Ne5+ 55. Kxc5 Nxd3+ 56. Kc6 Nc1 57. b4 Nd3 58. b5 Ne5+ 59. Kxc7 Nc4 60. b6 Nxb6 61. Kxb6 Kg6 62. Ne3 1-0


[Site "https://www.chess.com"]

[Event "Titled Tuesday Blitz November 01 Early 2022"]
[White "Jovic, Stanoje"]
[Black "Krysa, Leandro"]
[WhiteFideId "905020"]
[BlackFideId "116807"]
[WhiteElo "2238"]
[BlackElo "2486"]
[Result "1-0"]
[Round "01"]
[TimeControl "180+1"]
[Date "2022.11.02"]
[WhiteClock "0:00:27"]
[BlackClock "0:00:11"]

1. c4 g6 2. g3 Bg7 3. Bg2 c5 4. Nc3 Nc6 5. Nf3 d6 6. O-O e6 7. e3 Nge7 8. d4 O-O 9. b3 Nf5 10. Ne2 b6 11. Bb2 Bb7 12. Rc1 e5 13. d5 Nb8 14. e4 Nd4 15. Nfxd4 cxd4 16. f4 f5 17. exf5 gxf5 18. fxe5 dxe5 19. Qc2 Qg5 20. Rf2 Nd7 21. Rcf1 Nc5 22. Bc1 Qg6 23. Qb1 d3 24. Nc3 e4 25. Nd1 Rae8 26. Bh3 Bc8 27. b4 Nb7 28. Be3 Nd6 29. Qb3 Ba6 30. c5 bxc5 31. bxc5 Nc4 32. Qa4 Nxe3 33. Nxe3 Qg5 34. Rf4 Qf6 35. Bxf5 Qd4 36. Be6+ Rxe6 37. Rxf8+ Bxf8 38. Qxd4 Bg7 39. Qxg7+ Kxg7 40. dxe6 d2 41. Rd1 Kf6 42. Rxd2 Kxe6 43. Kf2 Bb5 44. Rd6+ Ke5 45. Rh6 Kd4 46. Rxh7 Kxc5 47. Rh5+ Kd4 48. Rxb5 a6 49. Rb3 a5 50. Ra3 Ke5 51. Ra4 Kd6 52. Rxa5 Kc6 53. Rd5 Kb6 54. h4 Kc6 55. h5 Kb6 56. h6 1-0


[Site "https://www.chess.com"]

[Event "Titled Tuesday Blitz November 01 Early 2022"]
[White "Kakabayev, Mergen"]
[Black "Baruch, Liam"]
[WhiteFideId "14002990"]
[BlackFideId "14322064"]
[WhiteElo "2302"]
[BlackElo "1962"]
[Result "1-0"]
[Round "01"]
[TimeControl "180+1"]
[Date "2022.11.02"]
[WhiteClock "0:01:35"]
[BlackClock "0:00:45"]

1. e4 e5 2. Nf3 Nc6 3. Bb5 a6 4. Ba4 Nf6 5. O-O b5 6. Bb3 Bc5 7. c3 d6 8. d4 Bb6 9. h3 O-O 10. Re1 Re8 11. Be3 Bb7 12. Nbd2 exd4 13. Nxd4 Nxd4 14. Bxd4 Bxd4 15. cxd4 c5 16. d5 Nd7 17. Bc2 Ne5 18. f4 Ng6 19. g3 Qf6 20. Rb1 Re7 21. Nf3 Rae8 22. Qd2 h5 23. h4 Nf8 24. a3 Nd7 25. b4 c4 26. Nd4 g6 27. Re2 Nb6 28. Rbe1 Qg7 29. Nf3 Nd7 30. Qd4 Qxd4+ 31. Nxd4 f6 32. Kf2 Kf7 33. Re3 Nf8 34. Bd1 Nd7 35. g4 hxg4 36. Bxg4 Nf8 37. h5 Kg7 38. hxg6 Nxg6 39. Nf5+ Kf7 40. Bh5 Rd7 41. Rg1 Rg8 42. Rxg6 Rxg6 43. Rg3 Kf8 44. Bxg6 Bc8 45. Rh3 Kg8 46. Ke3 Rc7 47. Kd4 Bxf5 48. Bxf5 Rg7 49. e5 fxe5+ 50. fxe5 dxe5+ 51. Kxe5 Kf8 52. d6 Rg1 53. Kf6 Rd1 54. Rh8# 1-0


[Site "https://www.chess.com"]

[Event "Titled Tuesday Blitz November 01 Early 2022"]
[White "Kanyamarala, Trisha"]
[Black "Zakhartsov, Vladimir"]
[WhiteFideId "45004722"]
[BlackFideId "4145097"]
[WhiteElo "2099"]
[BlackElo "2492"]
[Result "0-1"]
[Round "01"]
[TimeControl "180+1"]
[Date "2022.11.02"]
[WhiteClock "0:00:14"]
[BlackClock "0:00:34"]

1. c4 e5 2. Nc3 Nf6 3. g3 Bc5 4. Bg2 Nc6 5. d3 d6 6. Nf3 h6 7. O-O a6 8. a3 O-O 9. b4 Ba7 10. Rb1 Ne7 11. h3 Bf5 12. Nh4 Bc8 13. Nf3 c6 14. e4 Be6 15. Qe2 Nd7 16. Be3 Bxe3 17. fxe3 b5 18. a4 bxc4 19. dxc4 a5 20. b5 Nc5 21. Rfd1 Qc7 22. Rb2 Nc8 23. Nh4 Nb6 24. Nf5 Nxc4 25. Rbb1 Kh7 26. b6 Nxb6 27. Nxd6 Nbxa4 28. Nxa4 Nxa4 29. Rb7 Qd8 30. Nxf7 Nc3 31. Rxd8 Nxe2+ 32. Kf2 Raxd8 33. Kxe2 Rxf7 0-1


[Site "https://www.chess.com"]

[Event "Titled Tuesday Blitz November 01 Early 2022"]
[White "Karas, Marek"]
[Black "Predke, Alexandr"]
[WhiteFideId "14928558"]
[BlackFideId "24107581"]
[WhiteElo "2220"]
[BlackElo "2614"]
[Result "0-1"]
[Round "01"]
[TimeControl "180+1"]
[Date "2022.11.01"]
[WhiteClock "0:00:49"]
[BlackClock "0:00:39"]

1. d4 Nf6 2. Nf3 d5 3. c4 e6 4. Nc3 Bb4 5. Qa4+ Nc6 6. e3 Bd7 7. Qc2 O-O 8. Bd2 Bd6 9. cxd5 exd5 10. a3 Ne7 11. Bd3 Qc8 12. Nb5 Bxb5 13. Bxb5 Ne4 14. O-O Qf5 15. Bd3 a5 16. Be1 Ng6 17. Nd2 Qh5 18. g3 f5 19. f3 Ng5 20. Be2 Rae8 21. Qd3 f4 22. e4 fxg3 23. hxg3 Nh3+ 24. Kg2 Ngf4+ 25. gxf4 Nxf4+ 26. Kf2 Qh2+ 27. Ke3 Ng2+ 28. Kf2 Bg3# 0-1


[Site "https://www.chess.com"]

[Event "Titled Tuesday Blitz November 01 Early 2022"]
[White "Kodinets, Konstantin L."]
[Black "Goriatchkin, Jouri"]
[WhiteFideId "4122011"]
[BlackFideId "4120183"]
[WhiteElo "2447"]
[BlackElo "1863"]
[Result "1-0"]
[Round "01"]
[TimeControl "180+1"]
[Date "2022.11.02"]
[WhiteClock "0:01:21"]
[BlackClock "0:00:05"]

1. d4 d5 2. Nf3 Nf6 3. Bf4 e6 4. Nbd2 Bd6 5. e3 Bxf4 6. exf4 O-O 7. c3 c5 8. dxc5 Qc7 9. g3 Qxc5 10. Bd3 b6 11. Qe2 Nc6 12. Nb3 Qe7 13. O-O Bb7 14. Rfe1 Rfd8 15. Rad1 a6 16. h3 b5 17. a3 Qc7 18. Nbd4 Nxd4 19. Nxd4 Ne4 20. Kh2 Nc5 21. h4 Nxd3 22. Rxd3 Qd6 23. f5 exf5 24. Nxf5 Qf6 25. Rf3 Kh8 26. Nd4 Qg6 27. Qe7 Rab8 28. Qxf7 Qxf7 29. Rxf7 Ba8 30. Ree7 Rg8 31. Nf5 Rbe8 32. h5 Rxe7 33. Rxe7 Rf8 34. g4 g6 35. hxg6 hxg6 36. Nh4 1-0


[Site "https://www.chess.com"]

[Event "Titled Tuesday Blitz November 01 Early 2022"]
[White "Korchmar, Vasiliy"]
[Black "Kanyamarala, Tarun"]
[WhiteFideId "24131750"]
[BlackFideId "45004714"]
[WhiteElo "2370"]
[BlackElo "2307"]
[Result "1-0"]
[Round "01"]
[TimeControl "180+1"]
[Date "2022.11.02"]
[WhiteClock "0:00:18"]
[BlackClock "0:00:43"]

1. e4 c5 2. Nf3 e6 3. g3 d5 4. exd5 exd5 5. d4 Nf6 6. Bg2 Be7 7. dxc5 Bxc5 8. O-O O-O 9. Nc3 Nc6 10. Bg5 d4 11. Bxf6 Qxf6 12. Ne4 Qe7 13. Re1 Bf5 14. Nh4 Be6 15. Qh5 Bb4 16. Ng5 h6 17. Nxe6 Bxe1 18. Nxf8 Rxf8 19. Nf5 Qe5 20. Bxc6 Kh8 21. Bg2 Re8 22. Qxf7 d3 23. cxd3 Bxf2+ 24. Kh1 Bb6 25. Be4 Rd8 26. Nxh6 Qxb2 27. Qg8+ Rxg8 28. Nf7# 1-0


[Site "https://www.chess.com"]

[Event "Titled Tuesday Blitz November 01 Early 2022"]
[White "Korelskiy, Egor"]
[Black "Aung Thant Zin"]
[WhiteFideId "34329064"]
[BlackFideId "13000063"]
[WhiteElo "2053"]
[BlackElo "2278"]
[Result "1-0"]
[Round "01"]
[TimeControl "180+1"]
[Date "2022.11.02"]
[WhiteClock "0:00:08"]
[BlackClock "0:00:10"]

1. e4 c5 2. Nf3 Nc6 3. Bb5 e6 4. Bxc6 bxc6 5. O-O d6 6. e5 Ne7 7. exd6 Nf5 8. Nc3 Bxd6 9. d3 O-O 10. Ne4 Be7 11. c3 Ba6 12. c4 Bc8 13. Be3 Nd4 14. Bxd4 cxd4 15. Qc2 c5 16. Rfe1 Bb7 17. Ned2 Qd7 18. Ne5 Qc7 19. Nef3 Rae8 20. a3 a5 21. Rab1 Bd6 22. Ne4 Be7 23. h3 e5 24. Ned2 Bd8 25. b4 axb4 26. axb4 cxb4 27. Rxb4 f5 28. Rbb1 Bc6 29. Qb3 Qd6 30. c5+ Qd5 31. Qxd5+ Bxd5 32. Nxe5 Ba5 33. Rbd1 f4 34. Kf1 Rf6 35. Nef3 Rxe1+ 36. Kxe1 Bxf3 37. gxf3 Re6+ 38. Kf1 Rc6 39. Ne4 Bb4 40. Rb1 Ba5 41. Ke2 g6 42. Rb5 Bc7 43. Rb7 Kf8 44. Rb5 Ke8 45. Rb4 Kd7 46. Rxd4+ Ke6 47. Rb4 g5 48. d4 Kf5 49. Nc3 Ra6 50. d5 h6 51. d6 Bxd6 52. cxd6 Rxd6 53. Rb5+ Kg6 54. Ne4 Rc6 55. Kf1 Rc1+ 56. Kg2 Rc2 57. Rb6+ Kf5 58. Rxh6 Rc4 59. Nd6+ Ke5 60. Nxc4+ Kd4 61. Nb6 Kc3 62. Rg6 Kd2 63. Rxg5 Ke1 64. h4 Ke2 65. h5 Kd2 66. h6 1-0


[Site "https://www.chess.com"]

[Event "Titled Tuesday Blitz November 01 Early 2022"]
[White "Kosteniuk, Alexandra"]
[Black "Martinez, Shawn"]
[WhiteFideId "4128125"]
[BlackFideId "2039770"]
[WhiteElo "2469"]
[BlackElo "2174"]
[Result "1-0"]
[Round "01"]
[TimeControl "180+1"]
[Date "2022.11.02"]
[WhiteClock "0:01:43"]
[BlackClock "0:00:01"]

1. Nf3 d5 2. g3 c5 3. Bg2 g6 4. d4 cxd4 5. Nxd4 Bg7 6. Nb3 Nf6 7. Nc3 e6 8. Bg5 O-O 9. e4 dxe4 10. Qxd8 Rxd8 11. Nxe4 Nxe4 12. Bxd8 Nd6 13. O-O-O Nc4 14. c3 Nc6 15. Bg5 h6 16. Bxc6 bxc6 17. Rd8+ Kh7 18. Be7 a5 19. Rhd1 a4 20. Nd4 c5 21. Bxc5 Bb7 22. Rxa8 Bxa8 23. b3 axb3 24. axb3 Ne5 25. f4 Ng4 26. Rd2 e5 27. Nb5 exf4 28. gxf4 h5 29. Bd6 Bc6 30. Nd4 Be4 31. b4 f5 32. b5 Ne3 33. Be5 Bf8 34. Ra2 Nc4 35. Ra7+ 1-0


[Site "https://www.chess.com"]

[Event "Titled Tuesday Blitz November 01 Early 2022"]
[White "Kovalenko, Igor"]
[Black "Borisova, Ekaterina"]
[WhiteFideId "14117908"]
[BlackFideId "34124184"]
[WhiteElo "2574"]
[BlackElo "2134"]
[Result "1-0"]
[Round "01"]
[TimeControl "180+1"]
[Date "2022.11.01"]
[WhiteClock "0:01:17"]
[BlackClock "0:00:03"]

1. c4 e6 2. Nc3 Nf6 3. e4 d5 4. cxd5 exd5 5. e5 Ne4 6. Nf3 Bf5 7. Be2 d4 8. Nxe4 Bxe4 9. Bc4 Bd5 10. Qb3 Bxc4 11. Qxc4 Nc6 12. d3 Be7 13. O-O Qd7 14. a3 O-O 15. Re1 Rad8 16. Re4 Qd5 17. Qc2 Rfe8 18. Bf4 Bc5 19. Rae1 h6 20. e6 Rxe6 21. Rxe6 fxe6 22. Bxc7 Rf8 23. Bg3 Kh7 24. Nd2 e5 25. Ne4 Be7 26. Rc1 a6 27. Qe2 Qd7 28. h3 Qf5 29. Rc2 Qe6 30. Nd2 Qa2 31. Qd1 Qf7 32. Nc4 Bf6 33. Re2 Qd5 34. Qe1 Re8 35. Re4 Kh8 36. f4 b5 37. Nxe5 Nxe5 38. fxe5 Bg5 39. Bf2 Qc5 40. Bxd4 Qd5 41. Qe2 Rd8 42. e6 Be7 43. Kh1 Qb3 44. Bc3 Qd5 45. d4 Qf5 46. Re5 Qb1+ 47. Qe1 Qc2 48. d5 a5 49. Rh5 Rf8 50. Rxh6+ Kg8 51. Qg3 Rf1+ 52. Kh2 1-0


[Site "https://www.chess.com"]

[Event "Titled Tuesday Blitz November 01 Early 2022"]
[White "Kowalczyk, Pawel"]
[Black "Ziatdinov, Raset"]
[WhiteFideId "1130641"]
[BlackFideId "2015323"]
[WhiteElo "2324"]
[BlackElo "2220"]
[Result "1-0"]
[Round "01"]
[TimeControl "180+1"]
[Date "2022.11.02"]
[WhiteClock "0:00:31"]
[BlackClock "0:00:32"]

1. e4 c5 2. Ne2 Nc6 3. g3 g6 4. Bg2 Bg7 5. O-O e6 6. c3 Nge7 7. d4 cxd4 8. cxd4 O-O 9. d5 exd5 10. exd5 Ne5 11. d6 N7c6 12. Nbc3 b6 13. Bg5 Qxg5 14. f4 Qf6 15. fxe5 Qxe5 16. Nd5 Ba6 17. Re1 Qxd6 18. Nef4 Qc5+ 19. Kh1 Rfe8 20. Rxe8+ Rxe8 21. Nc7 Be2 22. Qxd7 Re7 23. Qc8+ Bf8 24. Ncd5 Re5 25. Nf6+ Kg7 26. Nd7 Qd6 27. Qxc6 Re8 28. Re1 Bf3 29. Qc3+ f6 30. Rxe8 Qxd7 31. Ne6+ Kh6 32. Qe3+ g5 33. Nxf8 Qd1+ 34. Qe1 Bxg2+ 35. Kxg2 Qd5+ 36. Kg1 Qc5+ 37. Qf2 Qc1+ 38. Re1 1-0


[Site "https://www.chess.com"]

[Event "Titled Tuesday Blitz November 01 Early 2022"]
[White "Kustar, Sandor"]
[Black "Sokolovsky, Yahli"]
[WhiteFideId "702900"]
[BlackFideId "2820242"]
[WhiteElo "2361"]
[BlackElo "2316"]
[Result "1-0"]
[Round "01"]
[TimeControl "180+1"]
[Date "2022.11.02"]
[WhiteClock "0:00:35"]
[BlackClock "0:00:37"]

1. Nf3 g6 2. d4 Bg7 3. g3 b6 4. c4 Bb7 5. Nc3 Nf6 6. Bg2 O-O 7. O-O d6 8. Qc2 Nbd7 9. Rd1 a6 10. e4 Ra7 11. h3 Qa8 12. Re1 c5 13. d5 Qb8 14. a4 Re8 15. Rb1 Qc7 16. Bf4 Raa8 17. g4 h6 18. e5 dxe5 19. Nxe5 Nxe5 20. Rxe5 Nxd5 21. Bxd5 Bxe5 22. Qxg6+ Kh8 23. Qxh6+ Kg8 24. Qg5+ Bg7 25. Bxc7 Bxd5 26. Nxd5 f6 27. Qg6 Rac8 28. Nf4 e5 29. Nh5 Re7 30. Nxf6+ Kf8 31. Nd5 Rf7 32. Bd6+ Kg8 33. Ne7+ Rxe7 34. Bxe7 Rc7 35. Bf6 b5 36. Rd1 1-0


[Site "https://www.chess.com"]

[Event "Titled Tuesday Blitz November 01 Early 2022"]
[White "Laohawirapap, Prin"]
[Black "Srebrnic, Marko"]
[WhiteFideId "6205003"]
[BlackFideId "14603616"]
[WhiteElo "2113"]
[BlackElo "2340"]
[Result "0-1"]
[Round "01"]
[TimeControl "180+1"]
[Date "2022.11.02"]
[WhiteClock "0:00:20"]
[BlackClock "0:00:03"]

1. d4 Nf6 2. Bf4 d6 3. Nc3 Nbd7 4. e4 g6 5. Qd2 Bg7 6. O-O-O O-O 7. Bh6 c5 8. dxc5 Nxc5 9. f3 Be6 10. h4 Qa5 11. a3 Na4 12. Nxa4 Qxa4 13. h5 Bxh6 14. Qxh6 Rac8 15. Bd3 Rc5 16. hxg6 fxg6 17. Ne2 Rfc8 18. c3 Bc4 19. Bxc4+ Rxc4 20. g4 Qb3 21. Rd2 g5 22. Qxg5+ Kf8 23. Rh6 Ke8 24. Rd3 R4c5 25. Qg7 Qf7 26. Qxf7+ Kxf7 27. g5 Kg7 28. f4 Nxe4 29. Rdh3 Kf7 30. Rxh7+ Ke6 31. Nd4+ Kd5 32. Rxe7 Nf2 33. Rh5 Kc4 34. Kc2 Rd5 35. b3+ Kc5 36. Rxb7 Rxd4 37. cxd4+ Kxd4+ 38. Kd2 Ne4+ 39. Ke2 Rc2+ 40. Kf3 d5 41. Rb4+ Kd3 42. g6 Rf2+ 43. Kg4 Rg2+ 44. Kh3 Rg3+ 45. Kh2 Rxg6 46. Rxd5+ Ke3 47. Re5 Kf2 48. Rh5 Nd2 49. Rh3 Nf1+ 50. Kh1 Rg1# 0-1


[Site "https://www.chess.com"]

[Event "Titled Tuesday Blitz November 01 Early 2022"]
[White "Leve, Nitai"]
[Black "Goroshkov, Maksym"]
[WhiteFideId "2006898"]
[BlackFideId "14142716"]
[WhiteElo "2144"]
[BlackElo "2257"]
[Result "0-1"]
[Round "01"]
[TimeControl "180+1"]
[Date "2022.11.02"]
[WhiteClock "0:00:06"]
[BlackClock "0:00:58"]

1. e4 e5 2. Nf3 d6 3. d4 Bg4 4. dxe5 Nd7 5. Bc4 Bxf3 6. Qxf3 Nxe5 7. Qb3 Nxc4 8. Qxc4 Nf6 9. O-O Be7 10. Nc3 O-O 11. Bf4 Qd7 12. Rad1 Qe6 13. Qb4 b6 14. Rfe1 Rfe8 15. Qa4 Qg4 16. Bg3 Nh5 17. Nd5 Nxg3 18. hxg3 Qc8 19. Qc6 Rb8 20. Rd3 Kf8 21. Rc3 Bd8 22. Nxc7 Bxc7 23. Qxc7 Qxc7 24. Rxc7 Rbc8 25. Rxc8 Rxc8 26. Re2 Ke7 27. f4 Ke6 28. Kf2 Rc4 29. Ke3 g6 30. b3 Rc3+ 31. Kf2 h5 32. a4 a5 33. Rd2 Rc5 34. Ke3 Rc3+ 35. Kf2 f6 36. Re2 d5 37. exd5+ Kxd5 38. Rd2+ Kc5 39. Re2 f5 40. Rd2 Kc6 41. Ke1 Rxg3 42. Rf2 Kd5 43. Kd1 Ke4 44. Kc1 Rg4 45. Re2+ Kxf4 46. Re6 Rxg2 47. Rxb6 h4 48. Rb8 h3 49. Rh8 h2 50. Kb2 g5 51. b4 axb4 52. a5 b3 53. a6 Rxc2+ 54. Kxb3 Rc6 55. Rxh2 Rxa6 56. Kc3 0-1


[Site "https://www.chess.com"]

[Event "Titled Tuesday Blitz November 01 Early 2022"]
[White "Ljukin, Sergei"]
[Black "Weetik, Vjacheslav"]
[WhiteFideId "14102200"]
[BlackFideId "4153472"]
[WhiteElo "2312"]
[BlackElo "2469"]
[Result "0-1"]
[Round "01"]
[TimeControl "180+1"]
[Date "2022.11.02"]
[WhiteClock "0:00:01"]
[BlackClock "0:00:02"]

1. e4 c6 2. d4 d5 3. e5 Bf5 4. Nd2 e6 5. Nb3 Nd7 6. Nf3 h6 7. Be2 Ne7 8. O-O Qc7 9. Be3 g5 10. h3 Bg7 11. Nh2 O-O-O 12. f4 f6 13. exf6 Nxf6 14. Nc5 Ne4 15. g4 Nxc5 16. gxf5 Nxf5 17. Qc1 Bxd4 18. Bxd4 Nxd4 19. Bd1 gxf4 20. Qxf4 Rhg8+ 21. Kh1 e5 22. Qh4 Ne4 23. Bg4+ Kb8 24. c3 Nc2 25. Rac1 Ne3 26. Rf3 Nc4 27. Rcf1 Ncd2 28. Rf7 Qb6 29. R1f5 h5 30. Rxh5 Qe3 31. Rhh7 Nd6 32. Rfg7 Qe4+ 33. Kg1 Qe3+ 34. Kh1 N2e4 35. Rd7 Nf2+ 36. Kg2 Rxd7 37. Rxd7 Nde4 38. Qe7 Qg3+ 39. Kf1 Qd3+ 40. Kg2 Qg3+ 41. Kf1 Ka8 0-1


[Site "https://www.chess.com"]

[Event "Titled Tuesday Blitz November 01 Early 2022"]
[White "Lohani, Sujana"]
[Black "Nurmanova, Alua"]
[WhiteFideId "12311987"]
[BlackFideId "13729390"]
[WhiteElo "1691"]
[BlackElo "2088"]
[Result "0-1"]
[Round "01"]
[TimeControl "180+1"]
[Date "2022.11.02"]
[WhiteClock "0:00:04"]
[BlackClock "0:01:07"]

1. d4 Nf6 2. Nf3 g6 3. c4 Bg7 4. Nc3 O-O 5. g3 d6 6. Bg2 Nbd7 7. O-O e5 8. d5 a5 9. e4 Nc5 10. Qe2 c6 11. h3 cxd5 12. cxd5 b5 13. Nxb5 Ba6 14. a4 Nfxe4 15. Nd2 Nxd2 16. Bxd2 Rb8 17. Rfb1 Nxa4 18. Qd1 Bxb5 19. Rxa4 Bxa4 20. Qxa4 Qb6 21. Bxa5 Qa6 22. b4 Qd3 23. Ra1 e4 24. Ra3 Qb1+ 25. Kh2 Rfc8 26. Qd7 Bd4 27. Qxd6 Bxf2 28. Bc7 Qg1# 0-1


[Site "https://www.chess.com"]

[Event "Titled Tuesday Blitz November 01 Early 2022"]
[White "Luxama, Jacques Muller"]
[Black "Arabidze, Meri"]
[WhiteFideId "11900113"]
[BlackFideId "13604040"]
[WhiteElo "1931"]
[BlackElo "2403"]
[Result "0-1"]
[Round "01"]
[TimeControl "180+1"]
[Date "2022.11.02"]
[WhiteClock "0:01:15"]
[BlackClock "0:00:59"]

1. d4 d5 2. c4 c6 3. Nc3 Nf6 4. cxd5 cxd5 5. Nf3 Nc6 6. Bf4 a6 7. e3 Bg4 8. h3 Bh5 9. g4 Bg6 10. Ne5 e6 11. Bg2 Nxe5 12. dxe5 Nd7 13. e4 dxe4 14. Nxe4 Bb4+ 15. Kf1 O-O 16. Kg1 Rc8 17. Kh2 Rc4 18. Qe2 Nb6 19. Rhd1 Qc8 20. Rac1 h6 21. Bg3 Rxc1 22. Nd6 Bxd6 23. Rxd6 Rc2 24. Qd1 Nc4 25. Rd7 Nxb2 26. Qd4 b5 27. h4 h5 28. gxh5 Bxh5 29. Be4 Rc4 0-1


[Site "https://www.chess.com"]

[Event "Titled Tuesday Blitz November 01 Early 2022"]
[White "Madaminov, Mukhiddin"]
[Black "Rakhimgaliyev, Yerlan"]
[WhiteFideId "14210703"]
[BlackFideId "13705148"]
[WhiteElo "2341"]
[BlackElo "2261"]
[Result "1-0"]
[Round "01"]
[TimeControl "180+1"]
[Date "2022.11.02"]
[WhiteClock "0:01:02"]
[BlackClock "0:00:26"]

1. d4 Nf6 2. Nc3 g6 3. e4 d6 4. f4 Bg7 5. Bd3 O-O 6. Nf3 Nbd7 7. e5 Ne8 8. O-O c5 9. Be3 cxd4 10. Bxd4 Nc5 11. Bxc5 dxc5 12. Bc4 Bf5 13. Qe2 Nc7 14. Rad1 Qc8 15. a4 Be6 16. Ne4 Bxc4 17. Qxc4 Ne6 18. Nfg5 Nxg5 19. Nxg5 h6 20. Ne4 b6 21. Nc3 Kh7 22. Rd2 f6 23. e6 f5 24. Rd7 Bd4+ 25. Kh1 Bxc3 26. Qxc3 Re8 27. Qf6 Qxd7 28. Qf7+ 1-0


[Site "https://www.chess.com"]

[Event "Titled Tuesday Blitz November 01 Early 2022"]
[White "Maghsoodloo, Parham"]
[Black "Ristic, Nebojsa B"]
[WhiteFideId "12539929"]
[BlackFideId "935468"]
[WhiteElo "2676"]
[BlackElo "2320"]
[Result "1-0"]
[Round "01"]
[TimeControl "180+1"]
[Date "2022.11.01"]
[WhiteClock "0:00:28"]
[BlackClock "0:00:21"]

1. d4 Nf6 2. Nf3 e6 3. Bf4 b6 4. Nbd2 Bb7 5. h3 g6 6. c4 Bg7 7. Qc2 O-O 8. e4 d6 9. Be2 Nbd7 10. O-O Qe7 11. e5 dxe5 12. Nxe5 Nxe5 13. Bxe5 c5 14. Bf3 Bxf3 15. Nxf3 Rac8 16. Rfe1 cxd4 17. Nxd4 Nd7 18. Bxg7 Kxg7 19. b3 Qf6 20. Nb5 a6 21. Nd6 Rc6 22. Ne4 Qe5 23. Rad1 Nf6 24. Nd2 Qf5 25. Qb2 h5 26. Ne4 Re8 27. Rd3 e5 28. Rf3 Qd7 29. Nxf6 Rxf6 30. Rxf6 Kxf6 31. f4 Qc7 32. b4 g5 33. fxe5+ Rxe5 34. Qd4 Kf5 35. Qd3+ Kf6 36. Qc3 Kf5 37. Qc2+ Kf6 38. Qf2+ Kg7 39. Qd4 f6 40. Rxe5 fxe5 41. Qd5 Kf6 42. c5 bxc5 43. bxc5 h4 44. c6 e4 45. Qxe4 Qb6+ 46. Kh1 Qc5 47. Qf3+ Ke6 48. Qe2+ Kd6 49. Qxa6 Qc1+ 50. Kh2 Qf4+ 51. Kg1 Qe3+ 52. Kf1 Qc1+ 53. Ke2 Qc2+ 54. Ke3 Qc3+ 55. Qd3+ Qxd3+ 56. Kxd3 Kxc6 57. Ke4 1-0


[Site "https://www.chess.com"]

[Event "Titled Tuesday Blitz November 01 Early 2022"]
[White "Malyi, Viacheslav"]
[Black "Bortnyk, Olexandr"]
[WhiteFideId "14123983"]
[BlackFideId "14120828"]
[WhiteElo "2291"]
[BlackElo "2723"]
[Result "0-1"]
[Round "01"]
[TimeControl "180+1"]
[Date "2022.11.01"]
[WhiteClock "0:00:03"]
[BlackClock "0:00:15"]

1. e4 Nf6 2. e5 Nd5 3. d4 d6 4. Nf3 dxe5 5. Nxe5 c6 6. Be2 Bf5 7. O-O Nd7 8. Nf3 e6 9. c4 N5f6 10. Nh4 Bg6 11. Nc3 Bd6 12. Re1 Ne4 13. g3 Nxc3 14. bxc3 O-O 15. Nxg6 hxg6 16. Bf3 Qa5 17. Qb3 Rab8 18. Be3 Rfd8 19. Bg2 c5 20. Rac1 b5 21. cxb5 Rxb5 22. Qc2 cxd4 23. cxd4 Nf6 24. Rb1 Rdb8 25. h3 a6 26. Red1 Rxb1 27. Rxb1 Rxb1+ 28. Qxb1 Nd5 29. Bxd5 Qxd5 30. Qb3 Qc6 31. Qd3 Kf8 32. Qd2 Ke8 33. Bf4 Be7 34. Qa5 f6 35. h4 Kd7 36. Qd2 Qb7 37. Qd3 Qb5 38. Qxg6 Qe2 39. Qb1 Ke8 40. Qg6+ Kf8 41. Qb1 Kf7 42. Qb3 Qe1+ 43. Kg2 Qe4+ 44. Qf3 Qxd4 45. Qb3 g6 46. Be3 Qe4+ 47. Kg1 Qc6 48. Qb1 f5 49. Qb3 Bf6 50. Qb1 Qb5 51. Qxb5 axb5 52. Kf1 e5 53. Ke2 Ke6 54. Kd3 e4+ 55. Kc2 Kd5 56. Bd2 Kc4 57. Be3 Be5 58. Bd2 Bd4 59. Be3 Bxe3 60. fxe3 b4 61. Kd2 b3 62. axb3+ Kxb3 63. Ke2 Kc3 64. g4 fxg4 65. Kf2 Kd2 66. Kg3 Kxe3 67. Kxg4 Kd4 68. Kg5 e3 69. Kxg6 e2 70. h5 e1=Q 71. h6 Qg3+ 72. Kh7 Ke5 73. Kh8 Kf6 74. Kh7 Qg6+ 75. Kh8 Qxh6+ 76. Kg8 Qg7# 0-1


[Site "https://www.chess.com"]